 Dungeon Crawl Stone Soup version 0.23.2 (webtiles) character file.

Game seed: 3740226597166754211

226 Peloso the Slasher (level 5, 0/46 HPs)
             Began as a Minotaur Fighter on Apr 6, 2019.
             Was an Initiate of Okawaru.
             Slain by Grinder (6 damage)
             ... while paralysed by Grinder
             ... on level 5 of the Dungeon.
             The game lasted 00:04:58 (3063 turns).

Peloso the Slasher (Minotaur Fighter)               Turns: 3063, Time: 00:04:58

Health: 0/46       AC:  7    Str: 21    XL:     5   Next: 69%
Magic:  4/4        EV:  2    Int:  5    God:    Okawaru [......]
Gold:   187        SH:  0    Dex: 10    Spells: 4/4 levels left

rFire    . . .     SeeInvis .   a - +0 long sword
rCold    . . .     Gourm    .   c - +0 shield
rNeg     . . .     Faith    .   b - +0 scale mail
rPois    .         Spirit   .   (helmet restricted)
rElec    .         Reflect  .   (no cloak)
rCorr    .         Harm     .   (no gloves)
MR       .....                  (no boots)
Stlth    ..........             (no amulet)
HPRegen  0.15/turn              (no ring)
MPRegen  0.09/turn              (no ring)

@: paralysed
A: retaliatory headbutt, horns 2
a: Renounce Religion


You were on level 5 of the Dungeon.
You worshipped Okawaru.
Okawaru was noncommittal.
You were very hungry.

You visited 1 branch of the dungeon, and saw 5 of its levels.

You collected 187 gold pieces.

Inventory:

Hand Weapons
 a - a +0 long sword (weapon)
Missiles
 n - 73 bolts
Armour
 b - a +0 scale mail (worn)
 c - a +0 shield (worn)
Wands
 t - a wand of enslavement (8)
Scrolls
 e - a scroll of magic mapping {unknown}
 g - a scroll of enchant weapon {unknown}
 j - a scroll of fear {unknown}
 k - 3 scrolls of immolation {unknown}
 l - 3 scrolls of identify {unknown}
 q - a scroll of amnesia {unknown}
Potions
 d - a potion of might
 h - 3 potions of flight {unknown}
 i - 2 potions of resistance {unknown}
 m - 2 potions of curing {unknown}
 o - a potion of agility {unknown}
 r - a potion of mutation {unknown}
 s - a potion of magic {unknown}
Comestibles
 f - 5 rations


   Skills:
 + Level 4.2 Fighting
 + Level 5.3 Long Blades
 + Level 4.5 Armour
 + Level 1.3 Dodging
 + Level 4.6 Shields


You had 4 spell levels left.
You didn't know any spells.
Your spell library was empty.

Dungeon Overview and Level Annotations

Branches:
Dungeon (5/15)
 Temple: D:4-7

Altars:
Ashenzari
Elyvilon
Fedhas
Okawaru
Xom

Shops:
D:4 (=

Annotations:
D:5 Grinder


Innate Abilities, Weirdness & Mutations

You reflexively headbutt those who attack you in melee.
You have a pair of horns on your head.


Message History

Grinder gestures at you. Pain shoots through your body!
Grinder zaps a wand.
The puff of flame hits you.
Grinder blinks!
You can move again.
Unknown command.
Evoke which item? (* to show all) (? for menu, Esc to quit)
Okay, then.
You are feeling very hungry.
Grinder gestures at you.
You suddenly lose the ability to move!
Grinder hits you.
You writhe in agony.
Grinder gestures at you. Pain shoots through your body!
* * * LOW HITPOINT WARNING * * *
Grinder says, "Tell me all your secrets, or I'll kill you."
Grinder hits you.
* * * LOW HITPOINT WARNING * * *
You writhe in agony.
You die...

#####
##.#.########
#.....5@....#
........###.#
#....##.# #.#
#..#.##†# #.#
#....##.# #.#
#<# #.# #.###
#.#####.#
#...#
#.......#
###.#
#.####.....###
.#


You could see Grinder.

Vanquished Creatures
  A jelly (D:5)
  Jessica (D:2)
  2 worker ants
  Robin (D:4)
  3 adders
  An ooze (D:3)
  2 worms
  A dart slug (D:4)
  4 leopard geckos
  2 orcs (D:3)
  4 ball pythons
  6 bats
  5 giant cockroaches
  13 goblins
  2 hobgoblins
  8 jackals
  4 kobolds
  5 frilled lizards
  A leopard gecko skeleton (D:4)
  6 rats
72 creatures vanquished.

Notes
Turn   | Place    | Note
-------+----------+-------------------------------------------
     0 | D:1      | Peloso the Minotaur Fighter began the quest for the Orb.
     0 | D:1      | Reached XP level 1. HP: 19/19 MP: 0/0
   115 | D:1      | Reached XP level 2. HP: 19/27 MP: 1/1
   266 | D:1      | Reached skill level 3 in Long Blades
   544 | D:2      | Reached XP level 3. HP: 33/33 MP: 2/2
   631 | D:2      | Found a shattered altar of Ashenzari.
   633 | D:2      | Reached XP level 4. HP: 40/40 MP: 3/3
   671 | D:2      | Noticed Jessica
   678 | D:2      | Killed Jessica
   678 | D:2      | Reached skill level 4 in Long Blades
   999 | D:2      | Found a white marble altar of Elyvilon.
  1219 | D:2      | Found a shimmering altar of Xom.
  1378 | D:3      | Found an iron altar of Okawaru.
  1392 | D:3      | Became a worshipper of Warmaster Okawaru
  1414 | D:3      | Found a blossoming altar of Fedhas.
  1793 | D:3      | Reached XP level 5. HP: 42/46 MP: 4/4
  2258 | D:4      | Reached skill level 1 in Dodging
  2302 | D:4      | Found Ycleur Bappe's Weapon Shoppe.
  2319 | D:4      | Found Lomuig's Jewellery Emporium.
  2397 | D:4      | Noticed Robin
  2426 | D:4      | Killed Robin
  2842 | D:5      | Entered Level 5 of the Dungeon
  2845 | D:5      | Reached skill level 5 in Long Blades
  3033 | D:5      | Noticed Grinder
  3035 | D:5      | Paralysed by Grinder for 6 turns
  3050 | D:5      | Paralysed by Grinder for 7 turns
  3060 | D:5      | Paralysed by Grinder for 6 turns
  3063 | D:5      | Slain by Grinder

Skill      XL: |  1  2  3  4  5 |
---------------+----------------+-----
Shields        | 4 |  4.6
Armour         | 4 |  4.5
Long Blades    | 3 4 5 |  5.3
Fighting       | 4 |  4.2
Dodging        | 1 |  1.3

Action                   |  1- 3 |  4- 6 || total
-------------------------+-------+-------++-------
Melee: Long sword        |    65 |   108 ||   173
       Headbutt          |    11 |    18 ||    29
  Eat: Chunk             |       |     6 ||     6
Armor: Scale mail        |    49 |    41 ||    90
Dodge: Dodged            |    26 |    31 ||    57
Block: Shield            |    41 |    52 ||    93
       Rpst.: Long sword |     9 |    10 ||    19
